 Dungeon Crawl Stone Soup version 0.30-a0-743-gbfdf073431 (webtiles) character file.

Game seed: 7392589932735248069

212 jimonade the Magician (level 5, 0/38 HPs)
             Began as a Gnoll Hedge Wizard on Feb 6, 2023.
             Succumbed to a gnoll's poison
             ... on level 3 of the Dungeon.
             The game lasted 00:10:09 (4293 turns).

jimonade the Magician (Gnoll Hedge Wizard)          Turns: 4293, Time: 00:10:10

Health: 0/38       AC:  2    Str: 11    XL:     5   Next: 89%
Magic:  12/14      EV: 13    Int: 14    God:
Gold:   153        SH:  0    Dex: 11    Spells: 12/18 levels left

rFire   . . .      SeeInvis .    a - staff of conjuration
rCold   . . .      Faith    .    (no shield)
rNeg    . . .      Spirit   .    q - +0 robe
rPois   .          Reflect  .    c - +0 hat
rElec   .          Harm     .    (no cloak)
rCorr   .          Rampage  .    (no gloves)
Will    .....                    (no boots)
Stlth   ++                       (no amulet)
HPRegen 0.26/turn                (no ring)
MPRegen 0.14/turn                (no ring)

@: lethally poisoned (0 -> -7)
A: fangs 1, strong nose, distributed training
a: no special abilities


You were on level 3 of the Dungeon.
You visited 1 branch of the dungeon, and saw 3 of its levels.

You collected 153 gold pieces.

Inventory:

Hand Weapons
 b - a +0 dagger
 B - a +1 short sword of draining
Missiles
 l - 6 datura-tipped darts
 o - 12 stones
Armour
 c - a +0 hat (worn)
 q - a +0 robe (worn)
 s - a +0 leather armour
 t - a +0 ring mail
Magical Staves
 a - a staff of conjuration (weapon)
 u - a staff of earth
Scrolls
 i - 3 scrolls of teleportation {unknown}
 k - 2 scrolls of enchant weapon {unknown}
 m - 2 scrolls of torment {unknown}
 p - a scroll of immolation {unknown}
 r - 2 scrolls of identify {unknown}
 y - a scroll of amnesia {unknown}
 z - a scroll of fog {unknown}
 A - a scroll of poison {unknown}
 C - a scroll of butterflies {unknown}
Potions
 d - a potion of magic
 e - a potion of invisibility {unknown}
 f - 3 potions of lignification {unknown}
 g - 2 potions of flight {unknown}
 h - a potion of brilliance {unknown}
 j - 4 potions of might {unknown}
 n - a potion of degeneration {unknown}
 v - a potion of ambrosia {unknown}
 w - a potion of resistance {unknown}
 x - a potion of berserk rage {unknown}


   Skills:
 + Level 1.7 Fighting
 + Level 1.7 Short Blades
 + Level 1.7 Long Blades
 + Level 1.7 Axes
 + Level 1.7 Maces & Flails
 + Level 1.7 Polearms
 + Level 1.7 Staves
 + Level 1.7 Ranged Weapons
 + Level 1.7 Throwing
 + Level 1.7 Armour
 + Level 4.9 Dodging
 + Level 4.5 Stealth
 + Level 1.7 Shields
 + Level 1.7 Unarmed Combat
 + Level 7.3 Spellcasting
 + Level 2.5 Conjurations
 + Level 1.3 Hexes
 + Level 2.5 Summonings
 + Level 1.3 Necromancy
 + Level 2.5 Translocations
 + Level 1.3 Transmutations
 + Level 1.3 Fire Magic
 + Level 1.3 Ice Magic
 + Level 1.3 Air Magic
 + Level 1.3 Earth Magic
 + Level 1.3 Poison Magic
 + Level 2.0 Invocations
 + Level 1.7 Evocations


You had 12 spell levels left.
You knew the following spells:

 Your Spells              Type           Power      Damage    Failure   Level
a - Magic Dart            Conj           72%        1d6       4%          1
b - Blink                 Tloc           24%        N/A       8%          2
c - Call Imp              Summ           12%        N/A       8%          2
d - Slow                  Hex            36%        N/A       8%          1

Your spell library contained the following spells:

 Spells                   Type           Power      Damage    Failure   Level
 Cigotuvi's Dreadful Rot  Necr/Pois/Air  18%        N/A       12%         2
 Mephitic Cloud           Conj/Pois/Air  15%        N/A       21%         3
 Confusing Touch          Hex            9%         N/A       24%         3
 Vampiric Draining        Necr           9%         2d6       24%         3


Dungeon Overview and Level Annotations

Branches:
Dungeon (3/15)

Altars:

Annotations:
D:2 1 runed translucent door, Crazy Yiuf


Innate Abilities, Weirdness & Mutations

You have very sharp teeth.
Your uncanny sense of smell can sniff out nearby items.
Your experience applies equally to all skills.


Message History

The iguana seems to slow down.
You see here a +0 club.
The gnoll shouts!
Casting: Slow (safe; 8% risk of failure)
Confirm with . or Enter, or press ? or * to list all spells.
Aiming: Slow (safe; 8% risk of failure)
Press: ? - help, Shift-Dir - straight line, f - gnoll
Aim: a gnoll, wielding a +2 halberd of venom (chance to affect: 51%)
The gnoll resists with significant effort.
Casting: Slow (safe; 8% risk of failure)
Confirm with . or Enter, or press ? or * to list all spells.
Aiming: Slow (safe; 8% risk of failure)
Press: ? - help, Shift-Dir - straight line, f/p - gnoll
Aim: a gnoll, wielding a +2 halberd of venom (chance to affect: 51%)
The gnoll resists with significant effort.
The gnoll hits you from afar with a +2 halberd of venom.
You are poisoned.
Casting: Slow (safe; 8% risk of failure)
Confirm with . or Enter, or press ? or * to list all spells.
Aiming: Slow (safe; 8% risk of failure)
Press: ? - help, Shift-Dir - straight line, p - gnoll
Okay, then.
Casting: Slow (safe; 8% risk of failure)
Confirm with . or Enter, or press ? or * to list all spells.
Aiming: Slow (safe; 8% risk of failure)
Press: ? - help, Shift-Dir - straight line, f/p - gnoll
Aim: a gnoll, wielding a +2 halberd of venom (chance to affect: 51%)
The gnoll seems to slow down.
You feel very sick.
The gnoll hits you from afar with a +2 halberd of venom!
You are lethally poisoned!
* * * LOW HITPOINT WARNING * * *
You feel very sick.
* * * LOW HITPOINT WARNING * * *
You feel very sick.
* * * LOW HITPOINT WARNING * * *
You feel very sick.
* * * LOW HITPOINT WARNING * * *
You feel sick.
You die...

.#......# #...#
..g#.#.....
####.#### ..l#.#
.... #.......#
.#.#.. ...
#.##g##.# .#.###.
.. #.##.##.# .#.#
.. . #.#..##.#
.#.# # #.#.###.#
##.# #.#.###.#
...# #..@....#
#### ###.##### #
#.# ###### #.#
.....###########.#
####..l.)...)....#
###############
### ..#


You could see a gnoll (slow).

Vanquished Creatures
  7 adders (D:2)
  4 dart slugs
  3 orcs (D:3)
  13 ball pythons
  3 bats
  A giant cockroach (D:1)
  2 goblins (D:1)
  5 hobgoblins
  5 kobolds
  3 quokkas
  A frilled lizard (D:2)
  6 rats
53 creatures vanquished.

Vanquished Creatures (collateral kills)
  An orc priest (D:3)
  2 gnolls (D:3)
  An adder (D:3)
  2 dart slugs (D:3)
  2 worms
  7 orcs (D:3)
  2 bats (D:2)
  An endoplasm (D:2)
18 creatures vanquished.

Grand Total: 71 creatures vanquished

Notes
Turn   | Place    | Note
-------+----------+-------------------------------------------
     0 | D:1      | jimonade the Gnoll Hedge Wizard began the quest for the
                  | Orb.
     0 | D:1      | Reached XP level 1. HP: 13/13 MP: 8/8
   214 | D:1      | Reached XP level 2. HP: 19/19 MP: 6/10
   655 | D:1      | Found a faded altar of an unknown god.
   657 | D:1      | Reached XP level 3. HP: 25/25 MP: 9/11
  1106 | D:2      | Reached skill level 1 in Invocations
  1164 | D:2      | Reached skill level 1 in Fighting
  1164 | D:2      | Reached skill level 1 in Short Blades
  1164 | D:2      | Reached skill level 1 in Long Blades
  1164 | D:2      | Reached skill level 1 in Axes
  1164 | D:2      | Reached skill level 1 in Maces & Flails
  1164 | D:2      | Reached skill level 1 in Polearms
  1164 | D:2      | Reached skill level 1 in Staves
  1164 | D:2      | Reached skill level 1 in Ranged Weapons
  1164 | D:2      | Reached skill level 1 in Throwing
  1164 | D:2      | Reached skill level 1 in Armour
  1164 | D:2      | Reached skill level 1 in Shields
  1164 | D:2      | Reached skill level 1 in Unarmed Combat
  1164 | D:2      | Reached skill level 1 in Evocations
  1201 | D:2      | Learned a level 2 spell: Blink
  1204 | D:2      | Learned a level 2 spell: Call Imp
  1206 | D:2      | Learned a level 1 spell: Slow
  1458 | D:2      | Reached XP level 4. HP: 32/32 MP: 10/13
  1914 | D:2      | Found a runed translucent door.
  1915 | D:2      | Noticed Crazy Yiuf
  2125 | D:2      | Reached skill level 1 in Hexes
  2125 | D:2      | Reached skill level 1 in Necromancy
  2125 | D:2      | Reached skill level 1 in Transmutations
  2125 | D:2      | Reached skill level 1 in Fire Magic
  2125 | D:2      | Reached skill level 1 in Ice Magic
  2125 | D:2      | Reached skill level 1 in Air Magic
  2125 | D:2      | Reached skill level 1 in Earth Magic
  2125 | D:2      | Reached skill level 1 in Poison Magic
  2590 | D:2      | Reached XP level 5. HP: 37/37 MP: 7/14
  4293 | D:3      | Succumbed to a gnoll's poison

Illustrated notes

Levels and vault maps discovered:
D:1:      dpeg_arrival_arbitrary_b, layout_rooms,
          hellmonk_ecumenical_altar_heavens_door
D:2:      layout_basic, hex_tiny, minmay_snake_closets, uniq_crazy_yiuf_cottage
D:3:      layout_loops_cross

Skill      XL: |  1  2  3  4  5 |
---------------+----------------+-----
Conjurations   | 2 |  2.5
Summonings     | 2 |  2.5
Translocations | 2 |  2.5
Invocations    | 1 2 |  2.0
Fighting       | 1 |  1.7
Short Blades   | 1 |  1.7
Long Blades    | 1 |  1.7
Axes           | 1 |  1.7
Maces & Flails | 1 |  1.7
Polearms       | 1 |  1.7
Staves         | 1 |  1.7
Ranged Weapons | 1 |  1.7
Throwing       | 1 |  1.7
Armour         | 1 |  1.7
Shields        | 1 |  1.7
Unarmed Combat | 1 |  1.7
Evocations     | 1 |  1.7
Hexes          | 1 |  1.3
Necromancy     | 1 |  1.3
Transmutations | 1 |  1.3
Fire Magic     | 1 |  1.3
Ice Magic      | 1 |  1.3
Air Magic      | 1 |  1.3
Earth Magic    | 1 |  1.3
Poison Magic   | 1 |  1.3
Dodging        | |  4.9
Stealth        | |  4.5
Spellcasting   | |  7.3

Action                     |  1- 3 |  4- 6 || total
---------------------------+-------+-------++-------
  Melee: Dagger            |     4 |       ||     4
   Cast: Magic Dart        |    73 |    64 ||   137
         Call Imp          |     1 |    34 ||    35
         Slow              |       |    17 ||    17
 Armour: Robe              |     2 |     4 ||     6
  Dodge: Dodged            |     4 |    10 ||    14

Table legend: (Time is in decaauts)
 A = Elapsed time spent in this place.
 B = Non-inter-level travel time spent in this place.
 C = Inter-level travel time spent in this place.
 D = Time resting spent in this place.
 E = Time spent auto-exploring this place.
 F = Levels seen in this place.
 G = Mean time per level.
                   A        B        C        D        E       F      G
               +--------+--------+--------+--------+--------+-----+--------+
         Total |   4292 |   4209 |     83 |    421 |   2967 |   3 | 1430.7 |
       Dungeon |   4292 |   4209 |     83 |    421 |   2967 |   3 | 1430.7 |
               +--------+--------+--------+--------+--------+-----+--------+

Top non-repeatable levels by time:
     D:2: 2135 daAuts
     D:3: 1218 daAuts
     D:1: 939 daAuts
